 Dungeon Crawl Stone Soup version 0.28-a0-1429-gf3d713df7a (webtiles) character file.

Game seed: 14077646482314431006

337494 Armakuni the Tortoise (level 22, -4/161 HPs)
             Began as a Human Fighter on Jan 8, 2022.
             Was an Elder of the Shining One.
             Slain by an iron troll (14 damage)
             ... on level 4 of the Depths.
             The game lasted 02:19:37 (47992 turns).

Armakuni the Tortoise (Human Fighter)              Turns: 47992, Time: 02:19:38

Health: -4/161     AC: 31    Str: 22    XL:     22   Next: 90%
Magic:  42/42      EV: 15    Int: 19    God:    the Shining One [****..]
Gold:   1186       SH: 29    Dex: 16    Spells: 28/35 levels left

rFire   + + +      SeeInvis .   a - +8 broad axe (spect)
rCold   + . .      Faith    .   f - +3 kite shield {reflect}
rNeg    + + .      Spirit   .   n - +7 swamp dragon scales
rPois   +          Reflect  +   D - +2 hat
rElec   +          Harm     .   T - +2 cloak of Loss {rElec Int+3}
rCorr   .          Rampage  .   y - +1 pair of gloves
Will    ++...      Clarity  +   H - +0 pair of boots
Stlth   +.........              R - amulet of regeneration
HPRegen 1.16/turn               C - ring of Cyimug {rF+ rC++ Will+ MP+9 Stlth+}
MPRegen 0.28/turn               F - ring "Oduympar" {rPois rF+++ rC- Str+3 Stlth+}

@: divinely shielded, glowing, studying Short Blades
A: antennae 1, hooves 1, agile 1, clarity, deterioration 1, shaggy fur 1
}: 2/15 runes: barnacled, gossamer
a: Renounce Religion, Divine Shield, Cleansing Flame


You were on level 4 of the Depths.
You worshipped the Shining One.
The Shining One was greatly pleased with you.
You visited 8 branches of the dungeon, and saw 39 of its levels.
You also visited: Trove and Ice Cave.

You collected 5723 gold pieces.
You spent 4537 gold pieces at shops.

Inventory:

Hand Weapons
 a - a +8 spectral broad axe (weapon)
Missiles
 i - 6 curare-tipped darts (quivered)
 q - 12 throwing nets
Armour
 f - a +3 kite shield of reflection (worn)
 n - +7 swamp dragon scales (worn)
 y - a +1 pair of gloves (worn)
 D - a +2 hat (worn)
 H - a +0 pair of boots (worn)
 S - the +8 orange crystal plate armour {Archmagi, Int+3 Clar}
   (You found it on level 4 of the Shoals)

   Int:       It affects your intelligence (+3).
   Clar:      It protects you against confusion.
 T - the +2 cloak of Loss (worn) {rElec Int+3}
   (You found it on level 4 of the Dungeon)

   Int:       It affects your intelligence (+3).
   rElec:     It insulates you from electricity.
Jewellery
 C - the ring of Cyimug (left hand) {rF+ rC++ Will+ MP+9 Stlth+}
   (You found it in a treasure trove)

   [ring of willpower]

   rF:        It protects you from fire.
   rC:        It greatly protects you from cold.
   MP:        It affects your magic capacity (+9).
   Will:      It increases your willpower.
   Stlth:     It makes you more stealthy.
 F - the ring "Oduympar" (right hand) {rPois rF+++ rC- Str+3 Stlth+}
   (You bought it in a shop on level 2 of the Orcish Mines)

   [ring of poison resistance]

   Str:       It affects your strength (+3).
   rF:        It renders you almost immune to fire.
   rC:        It makes you vulnerable to cold.
   rPois:     It protects you from poison.
   Stlth:     It makes you more stealthy.
 R - an amulet of regeneration (around neck)
 W - the necklace of Bloodlust {*Rage Will++ Int-3 Slay+6}
   (You bought it in a shop on level 2 of the Orcish Mines)

   [amulet of nothing]

   It extends the wearer's berserk rage when killing foes.
   Int:       It affects your intelligence (-3).
   Slay:      It affects your accuracy & damage with ranged weapons and melee
   (+6).
   *Rage:     It berserks you when you make melee attacks (+50% chance).
   Will:      It greatly increases your willpower.
Wands
 h - a wand of acid (12)
 k - a wand of digging (14)
 v - a wand of flame (17)
 x - a wand of paralysis (7)
 I - a wand of iceblast (6)
 L - a wand of polymorph (5)
Scrolls
 b - 11 scrolls of identify
 c - 5 scrolls of amnesia
 e - 13 scrolls of noise
 o - 17 scrolls of teleportation
 p - 3 scrolls of blinking
 u - 3 scrolls of summoning
 w - a scroll of silence
 G - 6 scrolls of fog
 N - 7 scrolls of vulnerability
 P - a scroll of fear
 Q - 2 scrolls of holy word
 V - 2 scrolls of immolation
Potions
 d - 7 potions of might
 g - 3 potions of lignification
 j - 11 potions of curing
 r - 2 potions of brilliance
 z - 3 potions of magic
 A - 4 potions of ambrosia
 B - 6 potions of resistance
 E - 3 potions of mutation
 K - 3 potions of heal wounds
 M - 3 potions of cancellation
 O - a potion of haste
Miscellaneous
 l - a box of beasts
 m - a phantom mirror
 s - a lightning rod (4/4)
 t - a tin of tremorstones (inert)


   Skills:
 - Level 10.9 Fighting
 - Level 17.7(18.0) Axes
 - Level 5.0(14.4) Maces & Flails
 - Level 11.5(12.0) Staves
 + Level 19.3 Armour
 - Level 10.0 Dodging
 - Level 15.0 Shields
 - Level 7.3 Spellcasting
 - Level 4.0 Translocations
 - Level 15.0 Invocations
 - Level 9.6 Evocations


You had 28 spell levels left.
You knew the following spells:

 Your Spells              Type           Power      Damage    Failure   Level
b - Blink                 Tloc           44%        N/A       7%          2
m - Iskenderun's Mystic   Conj/Tloc      14%        2d5       69%         4
z - Apportation           Tloc           44%        N/A       4%          1

Your spell library contained the following spells:

 Spells                   Type           Power      Damage    Failure   Level
 Lesser Beckoning         Tloc           22%        N/A       13%         3
 Animate Skeleton         Necr           12%        N/A       22%         1
 Freeze                   Ice            24%        1d5       22%         1
 Pain                     Necr           24%        1d5       22%         1
 Ensorcelled Hibernation  Hex/Ice        12%        N/A       34%         2
 Passwall                 Tmut/Erth      5%         N/A       34%         2
 Scorch                   Fire           12%        2d5       34%         2
 Sublimation of Blood     Necr           6%         N/A       34%         2
 Confusing Touch          Hex            6%         N/A       56%         3
 Frozen Ramparts          Ice            12%        1d3       56%         3
 Ozocubu's Armour         Ice            6%         N/A       56%         3
 Spider Form              Tmut/Pois      6%         N/A       56%         3
 Swiftness                Air            6%         N/A       56%         3
 Vampiric Draining        Necr           6%         2d6       56%         3
 Manifold Assault         Tloc           22%        N/A       77%         5
 Flame Wave               Conj/Fire      6%         2d4       92%         4
 Fulminant Prism          Conj/Hex       3%         3d6       92%         4
 Hailstorm                Conj/Ice       6%         3d4       92%         4
 Ice Form                 Ice/Tmut       6%         N/A       92%         4
 Leda's Liquefaction      Hex/Erth       3%         N/A       92%         4
 Petrify                  Tmut/Erth      6%         N/A       92%         4
 Summon Ice Beast         Ice/Summ       6%         N/A       92%         4
 Alistair's Intoxication  Tmut/Pois      4%         N/A       99%         5
 Irradiate                Conj/Tmut      3%         3d14      99%         5
 Iskenderun's Battlesphe  Conj           6%         2d6       99%         5
 Lee's Rapid Deconstruct  Erth           3%         3d6*      99%         5
 Metabolic Englaciation   Hex/Ice        3%         N/A       99%         5
 Yara's Violent Unravell  Hex/Tmut       3%         3d4       99%         5
 Conjure Ball Lightning   Conj/Air       3%         3x3d6     100%        6
 Dispersal                Tloc           11%        N/A       100%        6
 Statue Form              Tmut/Erth      4%         N/A       100%        6
 Summon Cactus Giant      Summ           3%         N/A       100%        6
 Enfeeble                 Hex            3%         N/A       100%        7
 Ozocubu's Refrigeration  Ice            3%         4d5       100%        7
 Spellforged Servitor     Conj/Summ      3%         N/A       100%        7
 Borgnjor's Revivificati  Necr           3%         N/A       100%        8
 Disjunction              Tloc           11%        N/A       100%        8
 Maxwell's Capacitive Co  Air            3%         ∞         100%        8
 Necromutation            Tmut/Necr      3%         N/A       100%        8
 Death's Door             Necr           3%         N/A       100%        9


Dungeon Overview and Level Annotations

Branches:
Dungeon (15/15)            Temple (1/1) D:6            Lair (6/6) D:11
 Shoals (4/4) Lair:2       Spider (4/4) Lair:3        Slime (0/5) Lair:6
    Orc (2/2) D:12            Elf (3/3) Orc:2        Vaults (0/5) D:13
 Depths (4/4) D:15          IceCv (visited)
    Zot: Depths:4

Altars:
Ashenzari
Cheibriados
Dithmenos
Elyvilon
Fedhas
Gozag
Hepliaklqana
Kikubaaqudgha
Makhleb
Nemelex Xobeh
Okawaru
Qazlal
Ru
Sif Muna
Trog
Uskayaw
Vehumet
Wu Jian
Xom
Yredelemnul
Zin
The Shining One
Beogh
Jiyva

Shops:
D:1 (   D:5 (   D:9 *   D:14 :   Orc:2 ?[!(=   Elf:1 =(==   Shoals:4 **!
Depths:1 (*   Depths:3 ?[[(   Depths:4 ?

Portals:
Hell: Depths:1 Depths:2 Depths:3
Abyss: Depths:3
Pandemonium: Depths:2 Depths:3

Annotations:
Elf:2 3 runed translucent doors
Depths:3 3 runed translucent doors


Innate Abilities, Weirdness & Mutations

You have a pair of small antennae on your head.
You have large cloven feet.
You are agile. (Dex +2)
You possess an exceptional clarity of mind.
Your body sometimes deteriorates upon taking damage.
You are covered in fur. (AC +1)


Message History

* * * LOW HITPOINT WARNING * * *
You block the iron troll's attack. The iron troll claws you!
* * * LOW HITPOINT WARNING * * *
You block the iron troll's attack. x3
You hit the iron troll but do no damage.
The iron troll is heavily wounded.
You slash the iron troll!
You hit the iron troll but do no damage.
Your +8 spectral broad axe hits the iron troll but does no damage.
Your +8 spectral broad axe hits the iron troll!
You block the iron troll's attack. The iron troll claws you!
* * * LOW HITPOINT WARNING * * *
The iron troll misses you.
You slash the iron troll!
The iron troll is severely wounded.
You hit the iron troll.
You hit the iron troll but do no damage.
Your +8 spectral broad axe hits the iron troll.
Your +8 spectral broad axe hits the iron troll but does no damage.
You block the iron troll's attack. x3; The iron troll bites you!
* * * LOW HITPOINT WARNING * * *
You block the iron troll's attack. The iron troll completely misses you.
You slice the iron troll!!
The iron troll is almost dead.
You slash the iron troll! You slice the iron troll!!
Your +8 spectral broad axe completely misses the iron troll.
Your +8 spectral broad axe hits the iron troll but does no damage.
You block the iron troll's attack. x2; The iron troll claws you.
* * * LOW HITPOINT WARNING * * *
You slash the iron troll!
The iron troll is almost dead.
You hit the iron troll but do no damage.
You slash the iron troll!
You kill the iron troll!
The troll leather armour is intact enough to wear.
Your +8 spectral broad axe hits the iron troll but does no damage.
The iron troll bites you.
* * * LOW HITPOINT WARNING * * *
You block the iron troll's attack. The iron troll claws you!
You die...

#. ########### #.≈#
..........# ##.≈#
..........# #..≈#
..........# #..≈#######≈
....∩.....# #..≈≈≈≈≈≈≈≈≈
........T.###...........
......)@..'.............
......T(..##......####..
..........##.####.# #..
.<........##.# #.# #..
..........##.# #.# #.}
........PPP..####.####..
#######.P.PP.........'..
#PP_P.#####+####..
#P.P.P.........#..


You could see 2 iron trolls and a friendly +8 spectral broad axe (summoned).

Vanquished Creatures
  Mara (Depths:2)
  A juggernaut (Depths:3)
  Saint Roka (Depths:1)
  Nikola (Shoals:1)
  2 caustic shrikes
  3 tentacled monstrosities
  Jorgrun (Spider:1)
  2 liches
  The ghost of benappo the Eclecticist, an adept DjCj of Nemelex Xobeh (Elf:1)
  Asterion (Spider:3)
  2 walking divine tomes (Depths:2)
  A walking frostbound tome (Depths:3)
  2 deep elf blademasters (Elf:3)
  2 deep elf master archers (Elf:3)
  An eldritch tentacle (Elf:1)
  3 tengu reavers
  2 sphinxes (Depths:3)
  Roxanne (D:14)
  Kirke (Spider:4)
  Ilsuiw (Shoals:2)
  Donald (Spider:1)
  3 frost giants
  7 emperor scorpions
  2 deep elf sorcerers (Elf:3)
  6 fire giants
  2 orc warlords
  5 ghost moths
  An iron dragon (Depths:3)
  A deep elf elementalist (Elf:3)
  7 very ugly things
  A broodmother (Spider:1)
  A reaper (IceCv)
  6 stone giants
  2 spriggan defenders (Depths:2)
  A vampire knight (Depths:3)
  A deep elf demonologist (Elf:3)
  3 entropy weavers
  A spark wasp (Spider:1)
  8 deep elf annihilators
  A minotaur (Shoals:1)
  The ghost of p0werm0de the Fighter, a journeyman MiCK of Xom (Orc:2)
  12 deep elf death magi (Elf:3)
  4 dire elephants (Lair:6)
  8 merfolk impalers
  Josephine (Lair:5)
  3 ettins
  7 merfolk javelineers
  3 fire dragons
  3 rakshasas
  10 great orbs of eyes
  3 ice dragons
  A vault guard (D:13)
  3 deep elf high priests (Elf:3)
  6 catoblepae
  Harold (Lair:2)
  Erolcha (D:11)
  A hydra (Lair:6)
  2 radroaches (Spider:3)
  2 jorogumos
  2 spriggan air magi
  3 merfolk avatars (Shoals:4)
  2 alligator snapping turtles (Shoals:3)
  6 merfolk aquamancers
  9 boulder beetles
  7 two-headed ogres
  5 centaur warriors
  6 death yaks
  A vampire mage (Depths:3)
  12 dancing weapons
  A death knight (D:15)
  3 deep troll earth magi
  9 deep troll shamans
  5 tengu warriors
  2 orc high priests
  A death scarab (Spider:1)
  Urug (Lair:2)
  3 spriggan berserkers (Depths:2)
  A sun demon (Depths:3)
  6 iron trolls
  A soul eater (Depths:3)
  6 hell knights
  12 deep elf knights
  A spectral death yak (Lair:6)
  3 pharaoh ants
  A deep troll (shapeshifter) (Depths:3)
  4 steelbarb worms
  A spectral anaconda (Lair:6)
  4 skeletal warriors
  15 sea snakes
  13 deep trolls
  10 orb spiders
  An obsidian statue (Lair:6)
  An orange crystal statue (Depths:2)
  11 deep elf archers
  4 necromancers (Lair:6)
  3 orc knights
  2 phantasmal warriors (Depths:3)
  20 harpies
  33 deep elf pyromancers
  7 orc sorcerers
  25 wolf spiders
  30 deep elf zephyrmancers
  13 manticores
  5 ugly things
  5 cyclopes
  An oklob plant (Lair:6)
  20 merfolk sirens
  6 moths of wrath
  15 fauns
  An ice statue (IceCv)
  8 water nymphs
  The ghost of Kebab the Summoner, a novice FeSu of Gozag (Lair:1)
  6 black mambas
  A water nymph (shapeshifter) (Elf:3)
  2 torpor snails
  A gargoyle (D:12)
  11 elephants
  11 cane toads
  Maggie (D:6)
  2 dire elephant skeletons (Lair:6)
  9 demonic crawlers
  12 rime drakes
  A kobold demonologist (D:11)
  A rime drake (shapeshifter) (Elf:2)
  2 freezing wraiths
  2 harpy zombies (Shoals:2)
  3 tengu conjurers
  6 komodo dragons
  An ice devil (Depths:2)
  A queen bee (shapeshifter) (D:14)
  10 meliai
  34 tarantellas
  34 merfolk
  5 hornets
  7 wind drakes
  3 polar bears
  A tarantella (shapeshifter) (D:13)
  5 trolls
  12 slime creatures
  3 spectral elephants (Lair:6)
  11 snapping turtles
  23 blink frogs
  11 dream sheep
  32 jumping spiders
  13 culicivoras
  4 spriggans
  7 wraiths
  2 air elementals
  59 yaks
  A shadow (D:7)
  2 fire elementals
  12 water elementals
  Eustachio (D:6)
  5 basilisks
  6 vampire mosquitoes
  2 wyverns (Lair:4)
  11 steam dragons
  2 death yak simulacra (IceCv)
  41 redbacks
  5 hogs (Spider:4)
  3 wargs
  2 acid dragons
  14 water moccasins
  Duvessa (D:6)
  3 floating eyes (Depths:3)
  40 orc warriors
  2 manticore zombies (Shoals:2)
  A necrophage (D:5)
  3 ice beasts
  An elephant skeleton (Lair:6)
  3 ogres
  13 wolves
  10 centaurs
  3 phantoms
  6 kobold brigands
  13 bullfrogs
  A gnoll sergeant (D:9)
  2 cane toad simulacra (IceCv)
  A water moccasin zombie (D:5)
  5 earth elementals
  4 scorpions
  8 two-headed ogre simulacra (IceCv)
  A spectral warg (Orc:2)
  Dowan (D:6)
  9 killer bees
  5 elephant simulacra (IceCv)
  A spectral ogre (Orc:2)
  4 wights
  2 howler monkeys (D:10)
  3 electric eels
  4 centaur zombies
  A jelly (D:5)
  4 hounds
  2 bullfrog skeletons
  28 orc priests
  A centaur skeleton (D:7)
  3 iguanas
  36 orc wizards
  Natasha (thrice) (D:2)
  A spectral orc (Orc:2)
  5 hell rats (Lair:6)
  5 spriggan simulacra (IceCv)
  9 troll simulacra
  A wolf simulacrum (IceCv)
  A howler monkey zombie (D:8)
  13 gnolls
  A howler monkey skeleton (D:7)
  4 naga simulacra (IceCv)
  An ogre simulacrum (Orc:2)
  6 adders
  A shadow imp (D:8)
  13 white imps
  3 ufetubi (IceCv)
  3 worms (Lair:3)
  A dart slug (D:1)
  81 orcs
  5 ball pythons
  3 bats
  4 bat zombies (Shoals:2)
  6 endoplasms
  4 giant cockroaches
  3 goblins
  10 hobgoblins
  7 jackals
  17 kobolds
  A quokka (D:1)
  4 frilled lizards (D:1)
  A ball lightning (Elf:1)
1428 creatures vanquished.

Vanquished Creatures (collateral kills)
  Arachne (Spider:2)
  A frost giant (Depths:1)
  2 fire giants
  2 dire elephants (Lair:6)
  A merfolk impaler (Shoals:3)
  A spriggan air mage (Depths:2)
  A hydra (D:14)
  A spriggan (Depths:2)
  4 elephants (Lair:6)
  3 merfolk (Shoals:3)
  A hornet (Depths:2)
  A redback (Spider:2)
  A hound (D:6)
  A gnoll (D:6)
21 creatures vanquished.

Vanquished Creatures (others)
  A deep elf archer (Elf:1)
  2 deep elf pyromancers
  3 deep elf zephyrmancers
  A blink frog (Lair:2)
  A jumping spider (Spider:4)
  2 humans (Spider:4)
  An orc warrior (Depths:1)
  An orc wizard (Orc:2)
  2 ball lightnings (Elf:1)
  14 fungi
  126 plants
  27 withered plants (Lair:6)
181 creatures vanquished.

Grand Total: 1630 creatures vanquished

Notes
Turn   | Place    | Note
-------+----------+-------------------------------------------
     0 | D:1      | Armakuni the Human Fighter began the quest for the Orb.
     0 | D:1      | Reached XP level 1. HP: 18/18 MP: 1/1
    63 | D:1      | Reached XP level 2. HP: 24/24 MP: 2/2
   607 | D:1      | Reached XP level 3. HP: 28/29 MP: 3/3
   687 | D:1      | Found Lyreir's Weapon Shoppe.
  1274 | D:2      | Noticed Natasha
  1280 | D:2      | Killed Natasha
  1281 | D:2      | Reached XP level 4. HP: 37/37 MP: 4/4
  1313 | D:2      | Noticed Natasha
  1330 | D:2      | Killed Natasha
  1995 | D:1      | Reached XP level 5. HP: 6/42 MP: 5/5
  2736 | D:2      | Noticed Natasha
  2744 | D:2      | Killed Natasha
  3525 | D:3      | Reached XP level 6. HP: 45/49 MP: 6/6
  3832 | D:3      | Found a faded altar of an unknown god.
  4343 | D:4      | Reached skill level 5 in Fighting
  5125 | D:4      | Identified the +2 cloak of Loss {rElec Int+3}
  5215 | D:5      | Entered Level 5 of the Dungeon
  5223 | D:5      | Reached XP level 7. HP: 51/56 MP: 7/7
  5322 | D:5      | Reached skill level 5 in Maces & Flails
  5878 | D:5      | Reached skill level 1 in Dodging
  6015 | D:5      | Reached XP level 8. HP: 62/65 MP: 8/8
  6078 | D:5      | Found Emuvoulua's Weapon Shop.
  6090 | D:5      | Bought a +0 spectral quarterstaff for 120 gold pieces
  6210 | D:5      | Reached skill level 1 in Staves
  6558 | D:6      | Noticed Maggie
  6582 | D:6      | Killed Maggie
  6583 | D:6      | Reached skill level 5 in Staves
  6735 | D:6      | Noticed Duvessa
  6751 | D:6      | Killed Duvessa
  6754 | D:6      | Noticed Dowan
  6763 | D:6      | Killed Dowan
  6764 | D:6      | Reached XP level 9. HP: 71/71 MP: 9/9
  6778 | D:6      | Found a staircase to the Ecumenical Temple.
  6788 | Temple   | Entered the Ecumenical Temple
  7360 | D:6      | Identified the +0 scale mail of Terror {rF++}
  7475 | D:6      | Noticed Eustachio
  7482 | D:6      | Killed Eustachio
  7777 | D:7      | Found a glowing golden altar of the Shining One.
  7799 | D:7      | Became a worshipper of the Shining One
  7950 | D:7      | Identified the +1 ring mail "Qeniux" {+Inv}
  8636 | D:8      | Reached skill level 1 in Invocations
  8853 | D:8      | Reached * piety under the Shining One
  8865 | D:8      | Reached XP level 10. HP: 77/77 MP: 10/12
  8905 | D:8      | Noticed a two-headed ogre
  8905 | D:8      | Noticed a deep elf pyromancer
  8905 | D:8      | Noticed a catoblepas
  8916 | D:8      | Killed a two-headed ogre
  8917 | D:8      | Reached skill level 10 in Staves
  9000 | D:8      | Killed a deep elf pyromancer
  9153 | D:8      | Reached skill level 4 in Armour
  9632 | D:8      | Reached skill level 5 in Armour
  9632 | D:8      | Reached XP level 11. HP: 69/83 MP: 11/14
  9640 | D:8      | Reached skill level 5 in Dodging
  9812 | D:8      | Killed a catoblepas
  9958 | D:8      | Reached ** piety under the Shining One
 10166 | D:9      | Found Dinyodwo's General Store.
 10169 | D:9      | Bought a wand of digging (3) for 210 gold pieces
 10193 | D:9      | Reached skill level 6 in Armour
 10705 | D:9      | Noticed a two-headed ogre
 10710 | D:9      | Reached skill level 7 in Armour
 10712 | D:9      | Killed a two-headed ogre
 11059 | D:10     | Entered Level 10 of the Dungeon
 11461 | D:10     | Reached skill level 8 in Armour
 11469 | D:10     | Reached XP level 12. HP: 93/95 MP: 15/15
 12142 | D:11     | Reached skill level 10 in Fighting
 12142 | D:11     | Reached skill level 9 in Armour
 12145 | D:11     | Found a staircase to the Lair.
 12154 | Lair:1   | Entered Level 1 of the Lair of Beasts
 12281 | Lair:1   | Reached skill level 10 in Armour
 12360 | Lair:1   | Found a large runed translucent door.
 12360 | Lair:1   | Found a large runed translucent door.
 12365 | Lair:1   | Noticed Kebab's ghost (novice FeSu)
 12459 | Lair:1   | Reached skill level 5 in Invocations
 13047 | Lair:1   | Killed Kebab's ghost
 13170 | Lair:2   | Noticed Harold
 13180 | Lair:2   | Killed Harold
 13270 | Lair:2   | Reached XP level 13. HP: 97/103 MP: 17/17
 13359 | Lair:2   | Found a staircase to the Shoals.
 13413 | Lair:2   | Noticed Urug
 13530 | Lair:2   | Reached *** piety under the Shining One
 13787 | Lair:2   | Killed Urug
 14786 | Lair:3   | Found a hole to the Spider Nest.
 15448 | Lair:4   | Reached skill level 10 in Invocations
 15468 | Lair:4   | Reached skill level 10 in Dodging
 15550 | Lair:4   | Reached XP level 14. HP: 100/110 MP: 19/22
 15914 | Lair:4   | Found a frozen archway.
 15922 | IceCv    | Entered an ice cave
 16066 | IceCv    | Reached **** piety under the Shining One
 16067 | IceCv    | Reached skill level 1 in Evocations
 16453 | IceCv    | Reached ***** piety under the Shining One
 16536 | IceCv    | Noticed a reaper
 16554 | IceCv    | Killed a reaper
 17291 | Lair:5   | Noticed Josephine
 17301 | Lair:5   | Killed Josephine
 17329 | Lair:5   | Identified the +0 scale mail of Mifitack {rC+}
 17585 | Lair:6   | Entered Level 6 of the Lair of Beasts
 17596 | Lair:6   | Reached skill level 5 in Evocations
 18198 | Lair:6   | Found a staircase to the Slime Pits.
 18198 | Lair:6   | Found a viscous altar of Jiyva.
 18346 | Lair:6   | Noticed a dire elephant
 18346 | Lair:6   | Noticed a dire elephant
 18346 | Lair:6   | Noticed a dire elephant
 18346 | Lair:6   | Noticed a dire elephant
 18396 | Lair:6   | Noticed a dire elephant
 18424 | Lair:6   | Killed a dire elephant
 18473 | Lair:6   | Reached XP level 15. HP: 114/115 MP: 26/26
 18475 | Lair:6   | Learned a level 1 spell: Apportation
 18508 | Lair:6   | Reached skill level 1 in Translocations
 18548 | Lair:6   | Reached skill level 15 in Invocations
 18639 | Lair:6   | Reached skill level 1 in Spellcasting
 20080 | D:11     | Noticed Erolcha
 20082 | D:11     | Killed Erolcha
 20083 | D:11     | Reached skill level 5 in Spellcasting
 20335 | D:12     | Found an ornate altar of the Wu Jian Council.
 20792 | D:12     | Found a staircase to the Orcish Mines.
 21019 | Orc:1    | Entered Level 1 of the Orcish Mines
 21268 | Orc:2    | Entered Level 2 of the Orcish Mines
 21268 | Orc:2    | Found a staircase to the Elven Halls.
 21296 | Orc:2    | Noticed an orc warlord
 21305 | Orc:2    | Reached XP level 16. HP: 122/122 MP: 24/27
 21499 | Orc:2    | Found Wuutaeni's Jewellery Shoppe.
 21782 | Orc:2    | Found Menoun's Distillery.
 21782 | Orc:2    | Found Bupi's Magic Scroll Shop.
 21782 | Orc:2    | Found Ruheyxum's Armour Shop.
 21785 | Orc:2    | Found Zuxypax's Weapon Boutique.
 21788 | Orc:2    | Bought a potion of heal wounds for 75 gold pieces
 21788 | Orc:2    | Bought a potion of heal wounds for 75 gold pieces
 21791 | Orc:2    | Bought a scroll of teleportation for 39 gold pieces
 21791 | Orc:2    | Bought a scroll of teleportation for 39 gold pieces
 21791 | Orc:2    | Bought a scroll of magic mapping for 45 gold pieces
 21879 | Orc:2    | Found a runed translucent gate.
 21880 | Orc:2    | Found a runed translucent gate.
 21882 | Orc:2    | Found a runed translucent gate.
 21914 | Orc:2    | Noticed p0werm0de's ghost (journeyman MiCK)
 21994 | Orc:2    | Killed p0werm0de's ghost
 22658 | Orc:2    | Bought the ring "Oduympar" {rPois rF+++ rC- Str+3 Stlth+}
                  | for 833 gold pieces
 22658 | Orc:2    | Bought the necklace of Bloodlust {*Rage Will++ Int-3
                  | Slay+6} for 516 gold pieces
 22658 | Orc:2    | Found the necklace of Bloodlust {*Rage Will++ Int-3 Slay+6}
 22878 | D:13     | Found a hazy altar of Hepliaklqana.
 23340 | D:13     | Found a gate to the Vaults.
 23758 | D:14     | Reached skill level 11 in Armour
 23914 | D:14     | Found an ancient bone altar of Kikubaaqudgha.
 23950 | D:14     | Found Doat's Book Boutique.
 23959 | D:14     | Learned a level 2 spell: Blink
 24430 | D:14     | Noticed Roxanne
 24462 | D:14     | Killed Roxanne
 24705 | D:15     | Entered Level 15 of the Dungeon
 24875 | D:15     | Reached skill level 1 in Axes
 25267 | D:15     | Identified the +8 war axe "Killer Klown's Death" {flame,
                  | rF+}
 25337 | D:15     | Found a staircase to the Depths.
 25337 | D:15     | Noticed a fire giant
 25353 | D:15     | Killed a fire giant
 25972 | Depths:1 | Entered Level 1 of the Depths
 25972 | Depths:1 | Noticed a fire giant
 25972 | Depths:1 | Noticed a tengu reaver
 25972 | Depths:1 | Noticed a fire giant
 26201 | Spider:1 | Entered Level 1 of the Spider Nest
 26201 | Spider:1 | Noticed Donald
 26207 | Spider:1 | Reached XP level 17. HP: 130/130 MP: 10/28
 26208 | Spider:1 | Killed Donald
 26209 | Spider:1 | Reached skill level 5 in Axes
 26400 | Spider:1 | Noticed Jorgrun
 26502 | Spider:1 | Killed Jorgrun
 27675 | Spider:1 | Reached skill level 10 in Axes
 27722 | Spider:1 | HP: 6/130 [wolf spider (7)]
 27722 | Spider:1 | The Shining One protects you from harm!
 27842 | Spider:1 | HP: 6/130 [moth of wrath (9)]
 27845 | Spider:1 | HP: 2/130 [jumping spider (15)]
 27977 | Spider:2 | Found a transporter.
 27978 | Spider:2 | Found a transporter.
 28134 | Spider:2 | Noticed Arachne
 28148 | Spider:2 | Killed Arachne
 28292 | Spider:2 | Identified the +0 scale mail "Kimm" {rF+ Str+4}
 28802 | Spider:3 | HP: 1/130 [radroach (11)]
 28816 | Spider:3 | Gained mutation: Armour fits poorly on your strangely
                  | shaped body. [mutagenic glow]
 29093 | Spider:3 | Lost mutation: Armour fits poorly on your strangely shaped
                  | body. [potion of mutation]
 29093 | Spider:3 | Gained mutation: Your muscles are strong. (Str +2) [potion
                  | of mutation]
 29093 | Spider:3 | Gained mutation: Your spells are a little harder to cast,
                  | but a little more powerful. [potion of mutation]
 29093 | Spider:3 | Gained mutation: You are clumsy. (Dex -2) [potion of
                  | mutation]
 29093 | Spider:3 | Gained mutation: Your system is resistant to poisons.
                  | (rPois) [potion of mutation]
 29232 | Spider:3 | Reached XP level 18. HP: 126/136 MP: 29/29
 29364 | Spider:3 | Gained mutation: You are very clumsy. (Dex -4) [mutagenic
                  | glow]
 29882 | Spider:4 | Entered Level 4 of the Spider Nest
 30172 | Spider:4 | Noticed Asterion
 30215 | Spider:3 | Noticed an Executioner
 30216 | Spider:3 | Killed Asterion
 30902 | Spider:4 | Noticed Kirke
 30912 | Spider:4 | Killed Kirke
 31130 | Spider:4 | Reached skill level 15 in Axes
 31289 | Spider:4 | Got a gossamer rune of Zot
 31290 | Spider:4 | Lost mutation: Your spells are a little harder to cast, but
                  | a little more powerful. [potion of mutation]
 31290 | Spider:4 | Lost mutation: Your muscles are strong. (Str +2) [potion of
                  | mutation]
 31290 | Spider:4 | Lost mutation: Your system is resistant to poisons. (rPois)
                  | [potion of mutation]
 31290 | Spider:4 | Gained mutation: You have a pair of small horns on your
                  | head. [potion of mutation]
 31291 | Spider:4 | Lost mutation: You are very clumsy. (Dex -4) [potion of
                  | mutation]
 31291 | Spider:4 | Lost mutation: You are clumsy. (Dex -2) [potion of
                  | mutation]
 31291 | Spider:4 | Gained mutation: Your body sometimes deteriorates upon
                  | taking damage. [potion of mutation]
 31291 | Spider:4 | Gained mutation: You are agile. (Dex +2) [potion of
                  | mutation]
 31291 | Spider:4 | Gained mutation: You are frail. (-10% HP) [potion of
                  | mutation]
 31291 | Spider:4 | Gained mutation: You are partially covered in iridescent
                  | scales. (AC +2) [potion of mutation]
 31645 | Shoals:1 | Entered Level 1 of the Shoals
 32376 | Shoals:1 | Noticed Nikola
 32394 | Shoals:1 | Killed Nikola
 32417 | Shoals:1 | Reached XP level 19. HP: 57/127 MP: 30/30
 32722 | Shoals:1 | Lost mutation: You have a pair of small horns on your head.
                  | [potion of mutation]
 32722 | Shoals:1 | Lost mutation: You are frail. (-10% HP) [potion of
                  | mutation]
 32722 | Shoals:1 | Lost mutation: You are partially covered in iridescent
                  | scales. (AC +2) [potion of mutation]
 32722 | Shoals:1 | Gained mutation: You have a pair of small antennae on your
                  | head. [potion of mutation]
 32722 | Shoals:1 | Gained mutation: You possess an exceptional clarity of
                  | mind. [potion of mutation]
 32722 | Shoals:1 | Gained mutation: You have large cloven feet. [potion of
                  | mutation]
 32722 | Shoals:1 | Gained mutation: You are covered in fur. (AC +1) [potion of
                  | mutation]
 33238 | Shoals:1 | Found a hide-covered altar of Uskayaw.
 33882 | Shoals:2 | Noticed Ilsuiw
 33898 | Shoals:2 | Killed Ilsuiw
 35396 | Shoals:3 | Reached skill level 5 in Shields
 35416 | Shoals:3 | HP: 1/142 [alligator snapping turtle (8)]
 36745 | Shoals:4 | Entered Level 4 of the Shoals
 37442 | Shoals:4 | Found Viukhloakh's Specific Store.
 37442 | Shoals:4 | Found Zaopt's General Store.
 37447 | Shoals:4 | Found Paushel's Distillery.
 37485 | Shoals:4 | Bought 2 potions of heal wounds for 130 gold pieces
 37485 | Shoals:4 | Bought a potion of cancellation for 104 gold pieces
 37485 | Shoals:4 | Bought a potion of haste for 130 gold pieces
 37511 | Shoals:4 | Bought Onkirphie's Handbook of Attacks for 540 gold pieces
 37516 | Shoals:4 | Learned a level 4 spell: Iskenderun's Mystic Blast
 37575 | Shoals:4 | Reached XP level 20. HP: 147/149 MP: 31/31
 37634 | Shoals:4 | Reached skill level 10 in Shields
 37641 | Shoals:4 | Got a barnacled rune of Zot
 37900 | Shoals:4 | Found the +8 orange crystal plate armour {Archmagi, Int+3
                  | Clar}
 38090 | Shoals:4 | Identified the ring of Wu Jian's Supremacy {MP+9 Str+4}
 38292 | Elf:1    | Entered Level 1 of the Elven Halls
 38436 | Elf:1    | Found Noloenuu's Jewellery Shoppe.
 38650 | Elf:1    | Found Onnar's Jewellery Shoppe.
 38939 | Elf:1    | Paralysed by an air elemental for 1 turns
 39016 | Elf:1    | Found Veonkizi's Jewellery Shop.
 39134 | Elf:1    | Found a large runed translucent door.
 39136 | Elf:1    | Found a large runed translucent door.
 39138 | Elf:1    | Noticed benappo's ghost (adept DjCj)
 39160 | Elf:1    | Killed benappo's ghost
 39419 | Elf:1    | Identified the +0 robe of Beyond {Archmagi}
 40025 | Elf:1    | Found Juela's Weapon Emporium.
 40096 | Elf:1    | Got the Papyrus of Creative Attacks
 41101 | Elf:2    | Found a runed translucent gate.
 41101 | Elf:2    | Found a runed translucent gate.
 41101 | Elf:2    | Found a runed translucent gate.
 41187 | Elf:2    | Found a portal to a secret trove of treasure.
 41359 | Elf:2    | Paralysed by an air elemental for 1 turns
 41537 | Elf:3    | Entered Level 3 of the Elven Halls
 41818 | Elf:3    | Reached XP level 21. HP: 138/155 MP: 32/32
 41820 | Elf:3    | Reached skill level 15 in Shields
 41821 | Elf:3    | Reached skill level 12 in Armour
 41852 | Elf:3    | Identified the ring "Jipp" {Wiz Int+4}
 42091 | Elf:3    | Reached skill level 13 in Armour
 42102 | Elf:3    | Identified the +1 robe of the Fisher {*Slow rPois rC+}
 42102 | Elf:3    | Identified the ring of the Hundredfold Seers {Drain MP+9
                  | Int+6 Dex+3}
 42206 | Elf:3    | Identified the +6 hunting sling "Zaanatru" {flame, rC+}
 43438 | D:1      | Bought the +11 fustibalus "Irisyutt" {vorpal, Dex+2 Stlth+}
                  | for 1098 gold pieces
 43731 | Elf:2    | You paid a toll of the fustibalus "Irisyutt" to enter a
                  | treasure trove
 43732 | Trove    | Entered a treasure trove
 43739 | Trove    | Identified the +6 eveningstar "Killer Bee's Doom" {venom,
                  | rN+ Dex+3 Stlth+}
 43740 | Trove    | Identified the ring of Cyimug {rF+ rC++ Will+ MP+9 Stlth+}
 43759 | Trove    | Identified the ring of Qygal {rF+ SInv}
 43864 | Orc:2    | Bought a +0 pair of boots for 67 gold pieces
 44093 | Depths:1 | Reached skill level 14 in Armour
 44312 | Depths:1 | Found a gateway to Hell.
 44613 | Depths:1 | Reached skill level 15 in Armour
 44709 | Depths:1 | Noticed Saint Roka
 44739 | Depths:1 | Killed Saint Roka
 44825 | Depths:1 | Got the Volume of Feathery Flames
 44915 | Depths:1 | Found Rutzone's Assorted Antiques.
 44915 | Depths:1 | Found Edustoph's Antique Weapon Shoppe.
 44923 | Depths:1 | Bought a wand of iceblast (6) for 180 gold pieces
 44924 | Depths:1 | You fall into a shaft and drop 1 floor!
 45231 | Depths:2 | Noticed a caustic shrike
 45267 | Depths:1 | Killed a caustic shrike
 45293 | Depths:2 | Reached skill level 16 in Armour
 45297 | Depths:1 | Reached XP level 22. HP: 66/161 MP: 26/33
 45484 | Depths:2 | Found a one-way gate leading to the halls of Pandemonium.
 45827 | Depths:2 | Noticed Mara
 45837 | Depths:2 | Reached skill level 17 in Armour
 45839 | Depths:2 | Noticed Armakuni's illusion
 45844 | Depths:2 | Killed Mara
 46686 | Depths:3 | Found a one-way gate to the infinite horrors of the Abyss.
 46698 | Depths:3 | Found a runed translucent door.
 46702 | Depths:3 | Noticed a caustic shrike
 46714 | Depths:3 | Found Xitew's Magic Scroll Boutique.
 46729 | Depths:3 | Bought a scroll of enchant weapon for 105 gold pieces
 46729 | Depths:3 | Bought a scroll of enchant armour for 105 gold pieces
 46731 | Depths:3 | Bought a scroll of fog for 28 gold pieces
 46731 | Depths:3 | Bought a scroll of fear for 49 gold pieces
 46731 | Depths:3 | Bought a scroll of immolation for 49 gold pieces
 46825 | Depths:3 | Found a sacrificial altar of Ru.
 46860 | Depths:3 | Reached skill level 18 in Armour
 47013 | Depths:3 | Found Batetz's Antique Armour Shoppe.
 47015 | Depths:3 | Found Geaca's Armour Emporium.
 47018 | Depths:3 | Found Jexziero's Antique Weapon Shoppe.
 47350 | Depths:3 | Paralysed by a floating eye for 2 turns
 47373 | Depths:3 | Found a runed translucent door.
 47380 | Depths:3 | Found a runed translucent door.
 47412 | Depths:3 | Noticed a juggernaut
 47412 | Depths:3 | Noticed a caustic shrike
 47638 | Depths:3 | Killed a juggernaut
 47639 | Depths:3 | Reached skill level 19 in Armour
 47668 | Depths:3 | Identified the +2 robe of Untruth {rElec Regen+ Str+3}
 47713 | Depths:3 | Killed a caustic shrike
 47905 | Depths:4 | Entered Level 4 of the Depths
 47905 | Depths:4 | Found a blossoming altar of Fedhas.
 47917 | Depths:4 | Identified the amulet "Voigar" {Spirit *Slow rN++ Regen+
                  | Stlth+}
 47968 | Depths:4 | Found Foeceus's Magic Scroll Emporium.
 47992 | Depths:4 | Slain by an iron troll

Illustrated notes

Levels and vault maps discovered:
D:1:      scummos_arrival_star, layout_loops_cross, serial_shops, shop
D:2:      layout_loops_ring, minivault_27, uniq_natasha
D:3:      layout_loops_ring, hellmonk_ecumenical_altar_prayer_group,
          amcnicky_mini_rare_corridor_liquid
D:4:      layout_basic, hex_medium, hangedman_decor_diamond_cutter
D:5:      layout_cave_pools, serial_shops, nicolae_shop_bloodbath_and_beyond
D:6:      layout_rooms, temple_hall, uniq_maggie, uniq_duvessa, uniq_eustachio
D:7:      layout_basic, tso_altar
D:8:      nzn_winding_woodlands_cross [nzn_winding_woodlands_5x15_pockets,
          nzn_winding_woodlands_5x15_concentric,
          nzn_winding_woodlands_5x15_twine,
          nzn_winding_woodlands_5x15_longhouse,
          nzn_winding_woodlands_15x15_killbox], layout_basic,
          minmay_tree_intersection
D:9:      layout_long_grid, serial_shops, shop, kennysheep_generic_room_6
D:10:     layout_roguey, serial_park_tiny_pond
D:11:     layout_gridville, lair_entry_dummy, special_room [special_room_orc],
          uniq_erolcha
D:12:     layout_gridville, orc_0_dummy, nicolae_wu_jian_wuxing_cycle
D:13:     layout_rooms, david_vaults_5, nzn_hepliaklqana_mist_gate
D:14:     layout_loops_corners, serial_shops, nicolae_shop_hallway_plus,
          kiku_gazebo_pond_becter, uniq_louise, uniq_roxanne
D:15:     grunt_enter_depths_giant_problem, layout_basic, minmay_crystal_water
Temple:   nicolae_temple_the_god_donut
Lair:1:   layout_roguey, ebering_ghost_disaster_area, dpeg_stationary_puzzle
Lair:2:   layout_regular_city, elwin_shoals_entry_stream,
          nicolae_quartered_pool_medium, bobbens_dragon_lair_wall, uniq_harold,
          uniq_urug
Lair:3:   layout_chaotic_city, nicolae_spider_entry_non_spiders, serial_forest,
          infiniplex_forest_corner_2, infiniplex_forest_clump_small,
          infiniplex_forest_corner_1, infiniplex_forest_clump_C,
          infiniplex_forest_end_2, infiniplex_forest_corner_2,
          infiniplex_forest_straight_3
Lair:4:   layout_loops_ring, portal_ice_cave_entry_pillars_2, st_stairs_11,
          grunt_megastairs_3, serial_bayou_shore_b, infiniplex_staircase_pool_2
Lair:5:   layout_loops_ring, grunt_megastairs_1, uniq_josephine
Lair:6:   due_jungle_book, layout_regular_city, slime_altar_1,
          nicolae_volcano_entry_s_turn, grunt_megastairs_4,
          infiniplex_staircase_pool
Shoals:1: layout_shoals, regret_index_shoals_crete, uniq_nikola
Shoals:2: layout_shoals, nicolae_shoals_undead_eyrie, uniq_ilsuiw
Shoals:3: layout_shoals
Shoals:4: shoals_end_simple, layout_shoals, serial_shops, shop_statue,
          nicolae_specific_store
Spider:1: layout_spider_delve, nicolae_spider_some_kinda_spiderbox,
          uniq_jorgrun, uniq_donald
Spider:2: gammafunk_boulding_lane, hangedman_spider_tarantella_strand,
          uniq_arachne
Spider:3: layout_chambers
Spider:4: grunt_spider_rune_circles, uniq_kirke, uniq_asterion
Orc:1:    cheibrodos_orc_arena, layout_caves, serial_shops
Orc:2:    st_orc_mages, layout_caves, serial_shops, shop_fountains,
          gammafunk_ghost_necromancy
Elf:1:    layout_loops_corners, ebering_ghost_disaster_area, serial_shops, shop,
          nicolae_lakefront_shop, shop, shop_coins, minmay_elf_sorcery,
          minivault_25
Elf:2:    nicolae_elf_blades_splatter_lattice [nooodl_blade_entry_preview],
          layout_geoelf_octagon, nicolae_trove_entry_free_sample,
          lemuel_flamethrower_1
Elf:3:    elf_hall, layout_rooms, lemuel_flamethrower_2
Depths:1: layout_long_grid, mu_enter_wizlab_2, hell_entry, dk_noncrumbling_4,
          serial_glass, glass_columns_a, glass_columns_a,
          minmay_fractal_squares_diagonal_5, minmay_shoptagon, uniq_saint_roka
Depths:2: minmay_ambush_box, layout_cave_shapes, rand_demon_pan_entry_7,
          serial_column_ruins, column_ruins_square_medium,
          column_ruins_open_small, column_ruins_grid_4,
          column_ruins_columns_dead_end, column_ruins_grid_1,
          grunt_hell_entry_dis_grunt, minivault_16, uniq_mara
Depths:3: minmay_the_grid_triangle_9x9_line_8_mashed
          [minmay_the_grid_triangle_9x9_subtriangle,
          minmay_the_grid_triangle_9x9_odd_lines,
          minmay_the_grid_triangle_9x9_swiss_cheese,
          minmay_the_grid_triangle_9x9_negative_grid,
          minmay_the_grid_triangle_9x9_tough_junction,
          minmay_the_grid_triangle_9x9_wacky_v,
          minmay_the_grid_triangle_9x9_corrupted_corridor,
          minmay_the_grid_triangle_9x9_prize_top_heavy], layout_long_grid,
          nicolae_ru_awakened_eye, hellmouth_1, pan_entry, serial_shops,
          shop_scrolls, abyss_entry, serial_bayou_shore_b,
          infiniplex_staircase_zigzag_5, minmay_shop_star
Depths:4: evilmike_zot_entry_castle, layout_gridlike, enter_ziggurat_b,
          abyss_entry, grunt_mini_vestibule, serial_shops, shop, fedhas_altar_3

Skill      XL: |  1  2  3  4  5  6  7  8  9 10 11 12 13 14 15 16 17 18 19 20 21 22 |
---------------+-------------------------------------------------------------------+-----
Maces & Flails | 3 4 5 |  5.0
Fighting       | 4 5 6 9 10 | 10.9
Shields        | 4 9 14 15 | 15.0
Dodging        | 1 3 5 7 10 | 10.0
Staves         | 6 9 11 | 11.5
Invocations    | 3 4 6 11 14 15 | 15.0
Armour         | 5 8 10 11 16 19 | 19.3
Evocations     | 5 8 9 |  9.6
Translocations | 4 |  4.0
Spellcasting   | 6 7 |  7.3
Axes           | 4 12 16 17 | 17.7

Action                   |  1- 3 |  4- 6 |  7- 9 | 10-12 | 13-15 | 16-18 | 19-21 | 22-24 || total
-------------------------+-------+-------+-------+-------+-------+-------+-------+-------++-------
Melee: Flail             |   115 |   133 |    68 |       |       |       |       |       ||   316
       Quarterstaff      |       |       |   113 |   389 |  1206 |   597 |       |       ||  2305
       War axe           |       |       |       |       |       |    64 |       |       ||    64
       Broad axe         |       |       |       |       |       |   494 |   777 |   275 ||  1546
       Headbutt          |       |       |       |       |       |    46 |     3 |       ||    49
       Kick              |       |       |       |       |       |       |   323 |       ||   323
Throw: Throwing net      |       |       |       |     1 |       |     4 |     2 |       ||     7
       Dart              |       |       |       |       |     7 |     8 |       |     1 ||    16
Invok: Divine Shield     |       |       |       |     3 |    24 |    48 |    32 |    12 ||   119
       Cleansing Flame   |       |       |       |       |     7 |    18 |     7 |     7 ||    39
       Summon Divine War |       |       |       |       |     1 |     1 |     1 |       ||     3
Evoke: Wand              |       |     2 |     7 |     2 |    17 |    38 |     7 |       ||    73
       Tin of tremorston |       |       |       |       |     1 |     7 |     9 |     2 ||    19
       Phantom mirror    |       |       |       |       |     1 |     2 |     1 |       ||     4
       Box of beasts     |       |       |       |       |       |       |     1 |     1 ||     2
       Lightning rod     |       |       |       |       |       |       |       |     4 ||     4
       Piece from Xom's  |       |       |       |       |       |       |       |     1 ||     1
  Use: Scroll            |     2 |    11 |     8 |     6 |    10 |    16 |     9 |     4 ||    66
       Potion            |       |       |     1 |     1 |     3 |    15 |     7 |       ||    27
 Stab: Distracted        |       |       |     1 |       |       |       |       |       ||     1
Armor: Scale mail        |    50 |       |       |       |       |       |       |       ||    50
       Ring mail         |    14 |    28 |    16 |       |       |       |       |       ||    58
       Leather armour    |       |       |     9 |       |       |       |       |       ||     9
       Swamp dragon scal |       |       |    33 |   113 |   304 |   699 |   237 |    88 ||  1474
Dodge: Dodged            |    79 |    68 |    87 |   103 |   657 |   805 |   260 |   103 ||  2162
Block: Buckler           |    22 |    43 |    23 |       |       |   584 |    76 |       ||   748
       Other             |       |       |       |    19 |   198 |   269 |       |       ||   486
       Kite shield       |       |       |       |       |       |       |   439 |   252 ||   691
       Reflection        |       |       |       |       |       |       |    45 |     1 ||    46

Table legend: (Time is in decaauts)
 A = Elapsed time spent in this place.
 B = Non-inter-level travel time spent in this place.
 C = Inter-level travel time spent in this place.
 D = Time resting spent in this place.
 E = Time spent auto-exploring this place.
 F = Levels seen in this place.
 G = Mean time per level.
                   A        B        C        D        E       F      G
               +--------+--------+--------+--------+--------+-----+--------+
         Total |  47449 |  44862 |   2587 |  10340 |  22887 |  41 | 1157.3 |
       Dungeon |  17426 |  15977 |   1449 |   3109 |   9541 |  15 | 1161.7 |
        Temple |    497 |    497 |      0 |      0 |    454 |   1 |  497.0 |
          Lair |   7596 |   7171 |    425 |   1368 |   3805 |   6 | 1266.0 |
        Shoals |   6034 |   5858 |    176 |   2546 |   1644 |   4 | 1508.5 |
   Spider Nest |   4766 |   4660 |    106 |   1294 |   1826 |   4 | 1191.5 |
  Orcish Mines |   1717 |   1477 |    240 |     98 |    707 |   2 |  858.5 |
   Elven Halls |   4926 |   4795 |    131 |   1064 |   2752 |   3 | 1642.0 |
        Depths |   3713 |   3655 |     58 |    657 |   1959 |   4 |  928.2 |
         Trove |     47 |     47 |      0 |      0 |      5 |   1 |   47.0 |
      Ice Cave |    722 |    722 |      0 |    201 |    192 |   1 |  722.0 |
               +--------+--------+--------+--------+--------+-----+--------+

Top non-repeatable levels by time:
Spider:3: 2042 daAuts
   Elf:1: 2003 daAuts
     D:1: 1894 daAuts
  Lair:2: 1787 daAuts
Shoals:1: 1778 daAuts
  Lair:3: 1766 daAuts
Shoals:2: 1751 daAuts
     D:4: 1630 daAuts
   Elf:3: 1622 daAuts
     D:8: 1612 daAuts
  Lair:6: 1606 daAuts
Depths:3: 1459 daAuts
    D:14: 1412 daAuts
    D:15: 1404 daAuts
     D:2: 1355 daAuts
